[Event "GrandPrix_29.05"]
[Site "Chess.com"]
[Date "2020.05.29"]
[Round "3"]
[White "redblizzard"]
[Black "Gordima"]
[Result "0-1"]
[WhiteElo "1851"]
[BlackElo "2228"]
[TimeControl "600+2"]
[EndTime "10:28:19 PDT"]
[Termination "Gordima won by resignation"]

1. e4 Nf6 2. e5 Nd5 3. d4 d6 4. Nf3 dxe5 5. Nxe5 c6 6. Be2 Bf5 7. O-O Nd7 8. Nf3 e6 9. a3 Bd6 10. Re1 O-O 11. c4 N5f6 12. Nc3 Re8 13. h3 e5 14. d5 Qc7 15. b4 Bf8 16. Nh4 Bg6 17.
Nxg6 hxg6 18. c5 cxd5 19. Nxd5 Nxd5 20. Qxd5 Nf6 21. Qb3 b6 22. cxb6 Qxb6 23. Be3 Qb7 24. Red1 a5 25. b5 a4 26. Qa2 Red8 27. b6 e4 28.
Rab1 Nd5 29. Bd4 Rac8 30. Bc4 Nf4 31. Be5 Nd3 32. Bxf7+ Qxf7 33. Qxf7+ Kxf7 34. b7 Nxe5 35. bxc8=Q Rxc8 36. Rd4 Rc4 37. Rb7+ Kf6 38. Rb6+ Kf5 39. Rxc4 Nxc4 40. Ra6 Nb2 41. g4+ Kg5 42. Re6 Bxa3 43. Rxe4 Bd6 44. Re6 Bf8 45. Re2 a3 46. f4+ Kf6 47.
Re8 Bc5+ 48. Kg2 Na4 49. Ra8 Nc3 50. Rxa3 Bxa3 51. Kg3 Bd6 52. Kf3 Nd5 53. h4 Nxf4 54. Ke4 Ng2 55. h5 gxh5 56. gxh5 Kg5 57. h6 gxh6 0-1

[Event "GrandPrix_29.05"]
[Site "Chess.com"]
[Date "2020.05.29"]
[Round "3"]
[White "tsaruk_maks"]
[Black "eristeski7"]
[Result "1-0"]
[WhiteElo "2223"]
[BlackElo "2077"]
[TimeControl "600+2"]
[EndTime "10:28:19 PDT"]
[Termination "tsaruk_maks won by resignation"]

1. e4 c5 2. Nf3 Nc6 3. d4 cxd4 4. Nxd4 Nf6 5. Nc3 e5 6. Ndb5 d6 7. Bg5 a6 8. Na3 b5 9. Nd5 Be7 10. Bxf6 Bxf6 11. c3 Ne7 12. Nxf6+ gxf6 13. g3 Bb7 14. Bg2 f5 15. Qe2 fxe4 16. Bxe4 d5 17. Bg2 Qc7 18. O-O O-O 19. f4 b4 20. cxb4 e4 21. f5 Qb6+ 22. Kh1 f6 23. Nc2 Nc6 24. a3 Rfe8 25. Rad1 d4 26. Qc4+ Kh8 27. Nxd4 Rac8 28. Nxc6 Qxc6 29. Qxc6 Bxc6 30. Rfe1 Kg7 31. Rd6 Bb5 32.
Re6 Rxe6 33. fxe6 f5 34. g4 fxg4 35. Bxe4 h5 36. Kg2 Kf6 37. Kg3 Rc7 38. Kh4 Kxe6 39. Bd3+ Kf6 40. Bxb5 axb5 41. Kxh5 Rc2 42. Rh1 Rxb2 43.
Kxg4 Rb3 44. Ra1 Kg6 45. Ra2 Kh6 46. Kf5 Rf3+ 47. Ke5 Rh3 48. Kd5 Rh5+ 49. Kc6 Rf5 50. Rc2 Rf3 51. Kxb5 Rxa3 52. Kb6 Rf3 53. b5 Rf5 54.
Ka6 Rf1 55. b6 Ra1+ 56. Kb7 Rb1 57. Ka7 Kg6 58. b7 Ra1+ 59. Kb8 Rb1 60. Kc8 1-0

[Event "GrandPrix_29.05"]
[Site "Chess.com"]
[Date "2020.05.29"]
[Round "3"]
[White "Koalaskakistis"]
[Black "mishanick"]
[Result "0-1"]
[WhiteElo "2097"]
[BlackElo "2592"]
[TimeControl "600+2"]
[EndTime "10:28:22 PDT"]
[Termination "mishanick won by resignation"]

1. f4 Nf6 2. Nf3 g6 3. g3 Bg7 4. Bg2 O-O 5. O-O d5 6. d3 Nc6 7. c3 Bg4 8. Nbd2 Qd7 9. e4 dxe4 10. dxe4 e5 11. fxe5 Nh5 12. Qb3 Nxe5 13. Nxe5 Bxe5 14. Qxb7 Qe7 15. Nc4 Qc5+ 16. Ne3 Be6 17. Qb4 Qxb4 18. cxb4 Rfb8 19. Nd5 Kg7 20. Bf4 Nxf4 21. gxf4 Bxd5 22.
exd5 Bd6 23. f5 Rxb4 24. f6+ Kh6 25. b3 Kg5 26. Rf3 Re8 27. Bf1 Rf4 28. Rxf4 Bxf4 29.
Bc4 Kxf6 30. Rf1 Re4 31. Kg2 Ke5 32. d6 cxd6 33. Bxf7 Re2+ 34. Kf3 Rxh2 35. Re1+ Kf6 36.
Kxf4 Kxf7 37. Rc1 Ke6 38. Rc7 a5 39. Ra7 Rxa2 40. Rxh7 Ra3 41. Ra7 Rxb3 42. Rxa5 Rb1 43. Kg5 Rg1+ 44. Kf4 g5+ 45. Ke4 Rg4+ 46. Kf3 Rf4+ 47.
Ke3 Rf5 48. Ra8 d5 49. Re8+ Kf6 50. Kd4 Kg6 51. Rh8 g4 52. Ke3 Kg5 53. Rh7 g3 54.
Rg7+ Kh4 55. Ke2 Kh3 0-1

[Event "GrandPrix_29.05"]
[Site "Chess.com"]
[Date "2020.05.29"]
[Round "3"]
[White "am00ss00"]
[Black "ninullia"]
[Result "0-1"]
[WhiteElo "2104"]
[BlackElo "2363"]
[TimeControl "600+2"]
[EndTime "10:28:28 PDT"]
[Termination "ninullia won by resignation"]

1. d4 d5 2. Nf3 Nf6 3. e3 c5 4.
b3 Nc6 5. Bb2 Bg4 6. Nbd2 cxd4 7. exd4 e6 8. h3 Bh5 9. Be2 Bd6 10. O-O O-O 11. Ne5 Bxe2 12. Qxe2 Rc8 13. Rac1 Bxe5 14. dxe5 Nd7 15. c4 Qe7 16. Rfd1 Rfd8 17. cxd5 exd5 18. Nf3 Nf8 19. Qb5 a6 20. Qa4 Ng6 21. Re1 Qb4 22.
Ba3 Qxa4 23. bxa4 h6 24. Bd6 f6 25. Rcd1 fxe5 26. Bxe5 Ncxe5 27. Nxe5 Nxe5 28. Rxe5 d4 29. Re4 d3 30. Re3 d2 31. Kf1 Rc2 32. a3 Rd4 33.
Ke2 Kf7 34. Rb3 Rd7 35. a5 Ra2 36. f3 Ke7 37. Re3+ Kd8 38. Rc3 Rd5 39. Rb3 Kc7 40.
g3 Re5+ 41. Kd3 Rxa5 42. Rc3+ Kb8 43. Ke2 Re5+ 44. Kd3 Ka7 45. f4 Ra5 46. Ke2 R5xa3 47. Rxa3 Rxa3 48. Rxd2 Rxg3 49. Rd7 a5 50. h4 Ka6 51.
Kf2 Rg4 52. Kf3 h5 53. f5 a4 54.
Rd8 Rxh4 55. Rg8 Rg4 56. Rh8 b5 57. Rxh5 Rg1 58. Rh8 Ka5 59. Rg8 Kb4 60. Kf2 Rg5 61. Ke3 a3 62. Kf4 Rg1 63. f6 Rf1+ 64. Ke3 0-1

[Event "GrandPrix_29.05"]
[Site "Chess.com"]
[Date "2020.05.29"]
[Round "3"]
[White "VolodymyrMolyboha"]
[Black "haddinibilbaoo"]
[Result "1/2-1/2"]
[WhiteElo "2280"]
[BlackElo "2144"]
[TimeControl "600+2"]
[EndTime "10:28:29 PDT"]
[Termination "Game drawn by repetition"]

1. e4 c5 2. Nf3 Nc6 3. Bb5 g6 4.
O-O Bg7 5. c3 Nf6 6. Re1 O-O 7.
d4 d5 8. e5 Ne4 9. Be3 cxd4 10.
cxd4 Bg4 11. h3 Bd7 12. Bxc6 Bxc6 13. Nfd2 Nxd2 14. Qxd2 f6 15. Bf4 Rc8 16. Nc3 b5 17. a3 a5 18. Na2 Qb6 19. exf6 exf6 20. Bd6 Rfe8 21. Bc5 Qc7 22. b4 a4 23. Nc3 Qd7 24. Rxe8+ Rxe8 25. Re1 Kf7 26. Rxe8 Qxe8 27. Qe3 Qxe3 28.
fxe3 Bh6 29. Kf2 Ke6 30. Kf3 f5 31. Ne2 g5 32. g4 Bg7 33. Ng3 fxg4+ 34. hxg4 Kf6 35.
Nf5 Bd7 36. Be7+ Kg6 37. e4 Be6 38. Nxg7 Kxg7 39. Bxg5 Kg6 40. Bd8 dxe4+ 41. Kxe4 Bxg4 42. Ke5 Kf7 43. Kd6 Be2 44. d5 Ke8 45. Kc7 Bg4 46. Bh4 Bd7 47. Kd6 Bg4 48. Kc6 Bd7+ 49. Kc5 Kf7 50. Kb6 Ke8 51. Bg5 Kf7 52. Kc7 Ke8 53. Bh6 Bf5 54. Be3 Bg4 55. Bb6 h5 56. Bf2 Bd7 57.
Bh4 Bg4 58. Kc6 Bd7+ 59. Kc5 Kf7 60. Kd6 Ke8 61. Ke5 Kf7 62. Bd8 Ke8 63. Bg5 Kf7 64. Bh4 Ke8 65. Kf6 Bg4 66. Ke5 Kd7 67. Kd4 Be2 68.
Kc5 Bc4 69. Kd4 Be2 70. Kc5 Bc4 71. Bg3 Be2 72. Bh4 1/2-1/2

[Event "GrandPrix_29.05"]
[Site "Chess.com"]
[Date "2020.05.29"]
[Round "3"]
[White "ChessQueen"]
[Black "Igor_Lysyj"]
[Result "0-1"]
[WhiteElo "2201"]
[BlackElo "2360"]
[TimeControl "600+2"]
[EndTime "10:28:32 PDT"]
[Termination "Igor_Lysyj won by resignation"]

1. e4 e5 2. Nf3 Nc6 3. Bb5 Nf6 4. d4 Nxd4 5. Nxd4 c6 6. Bc4 exd4 7. Qxd4 Qb6 8.
Qxb6 axb6 9. Bd3 d5 10. exd5 Nxd5 11. c3 Bd6 12. O-O O-O 13. Rd1 Bg4 14. f3 Be6 15.
Nd2 Bc5+ 16. Kh1 Rfd8 17. Ne4 Ne3 18. Bxe3 Bxe3 19. Bc2 Rxd1+ 20. Rxd1 f5 21. Nd6 Rd8 22. b3 Bf4 23. Nc4 Rxd1+ 24. Bxd1 b5 25. Na3 Bc1 26. Nc2 Bd2 27. Nd4 Bd7 28. Ne2 f4 29. Bc2 h6 30.
Bd3 Kf7 31. Kg1 Ke7 32. c4 bxc4 33. Bxc4 Kd6 34. Kf1 Kc5 35. Bf7 Bf5 36. g3 g5 37.
gxf4 gxf4 38. a3 Bd3 39. Kf2 Kd6 40. h4 Ke5 41. h5 Bc2 42. b4 Bd3 43. Be8 Bc2 44.
Bf7 b6 45. Be8 c5 46. bxc5 bxc5 47. a4 c4 48. Bb5 Kd5 49. Be8 Kc5 50. a5 Bxa5 51.
Nxf4 Kd4 52. Ke2 Bf5 53. Bg6 Bd7 54. Kd1 Bc7 55. Ne2+ Ke3 56. Be4 Be5 57. Kc2 Kxe2 0-1

[Event "GrandPrix_29.05"]
[Site "Chess.com"]
[Date "2020.05.29"]
[Round "3"]
[White "cukus"]
[Black "RaphaeI"]
[Result "1/2-1/2"]
[WhiteElo "2200"]
[BlackElo "2137"]
[TimeControl "600+2"]
[EndTime "10:28:33 PDT"]
[Termination "Game drawn by agreement"]

1. e4 c5 2. Nf3 Nc6 3. Nc3 g6 4. d4 cxd4 5. Nxd4 Bg7 6. Be3 Nf6 7. Bc4 O-O 8. Bb3 d6 9. f3 Bd7 10. Qd2 Nxd4 11. Bxd4 b5 12. a4 b4 13. Nd5 Nxd5 14. exd5 Bxd4 15. Qxd4 a5 16. h4 Rc8 17. O-O-O f6 18.
g4 Qe8 19. Kb1 Bxa4 20. Bxa4 Qxa4 21. b3 Qb5 22. h5 Qe2 23. Rc1 Qe5 24. Qd2 g5 25.
Rce1 Qc3 26. Qxc3 Rxc3 27. Rxe7 Rxf3 28. Ra7 f5 29. gxf5 R3xf5 30. h6 Kh8 31. Rg1 Rg8 32.
Rg4 Rxd5 33. Kb2 Re5 34. Kb1 Re1+ 35. Kb2 Re5 36. Kb1 Re6 37. Rxa5 Rxh6 38. Raxg5 Rxg5 39. Rxg5 Rg6 40. Rb5 Rg4 41. Kb2 Kg7 42. c4 bxc3+ 43.
Kxc3 Kf6 44. Rd5 Ke6 45. Rh5 Rg7 46. Kc4 Rc7+ 47. Kb5 Rb7+ 48. Kc4 d5+ 49. Kc5 Rxb3 50. Rxh7 Rd3 51. Rh6+ Ke5 52. Rh5+ Ke4 53. Rh4+ Ke5 54.
Rh5+ Ke4 55. Rh4+ Ke5 1/2-1/2

[Event "GrandPrix_29.05"]
[Site "Chess.com"]
[Date "2020.05.29"]
[Round "3"]
[White "Grandelicious"]
[Black "Dyadya81"]
[Result "1-0"]
[WhiteElo "2768"]
[BlackElo "2449"]
[TimeControl "600+2"]
[EndTime "10:28:39 PDT"]
[Termination "Grandelicious won by checkmate"]

1. Nf3 d5 2. g3 Nc6 3. d4 Bg4 4.
Nbd2 Nf6 5. Bg2 h5 6. c3 Qd6 7. Qb3 Rb8 8. Nf1 Bxf3 9. Bxf3 e5 10. dxe5 Nxe5 11. Bf4 Nxf3+ 12. exf3 Qd7 13. Ne3 Bd6 14.
Bxd6 Qxd6 15. O-O-O c6 16. Nf5 Qd7 17. Rhe1+ Kf8 18.
Qb4+ Kg8 19. Qf4 Re8 20. Nxg7 Kxg7 21. Qg5+ Kh7 22. Qxf6 Rxe1 23. Rxe1 Re8 24. Rxe8 Qxe8 25. Kd2 Qd7 26. h4 c5 27. Qg5 Qb5 28. Qxh5+ Kg7 29. Qg5+ Kf8 30. b3 Qf1 31. Qe3 b6 32. h5 Qb1 33. Qh6+ Ke7 34. Qg5+ Ke6 35. Qe3+ Kf6 36. Qf4+ Ke6 37. h6 Qb2+ 38. Ke1 Qxc3+ 39. Kf1 Qd3+ 40.
Kg2 Qh7 41. Qg4+ Kf6 42. Qh5 d4 43. g4 d3 44. g5+ Ke7 45. Qh1 Qf5 46. Qc1 f6 47.
Qe3+ Kf7 48. gxf6 Kxf6 49. Kf1 b5 50. Ke1 Kg6 51. Kd2 c4 52. Qxa7 Kxh6 53. Qe3+ Kh5 54.
Qe4 Qg5+ 55. f4 Qg4 56. Qh7# 1-0

[Event "GrandPrix_29.05"]
[Site "Chess.com"]
[Date "2020.05.29"]
[Round "3"]
[White "Misterlose0"]
[Black "NikolaN98"]
[Result "1/2-1/2"]
[WhiteElo "1530"]
[BlackElo "1887"]
[TimeControl "600+2"]
[EndTime "10:28:40 PDT"]
[Termination "Game drawn by repetition"]

1. e4 c5 2. d3 Nc6 3. g3 g6 4.
Bg2 Bg7 5. f4 e6 6. Nf3 d5 7.
O-O Nge7 8. c3 b6 9. Na3 Ba6 10. e5 h5 11. Re1 Nf5 12. Ng5 Bb7 13.
Nc2 Bf8 14. Ne3 Nxe3 15. Bxe3 Be7 16. h4 Qd7 17. d4 cxd4 18. cxd4 Rc8 19. Bh3 Ba6 20.
a3 Na5 21. Bf2 Kf8 22. Qf3 Rc6 23. Rac1 Kg7 24. Be3 Rxc1 25. Bxc1 Qc8 26. Bd2 Nc4 27. Bc3 Qc6 28. Bf1 Bb7 29. Rc1 Rc8 30. Bd3 Qd7 31.
Kf2 Bc6 32. g4 hxg4 33. Qxg4 Rh8 34. Rh1 Bxg5 35. fxg5 Qd8 36. Ke2 b5 37. Qf4 a5 38.
Rf1 Be8 39. Ke1 Qe7 40. Be2 b4 41. axb4 axb4 42. Qf6+ Qxf6 43. gxf6+ Kg8 44. Bxb4 Rxh4 45. Bc3 Rh2 46. Rf2 Rh1+ 47. Rf1 Rh3 48. Bf3 Bb5 49. Rf2 Rh4 50. Be2 Rh1+ 51. Rf1 Rh3 52. Rf3 Rh1+ 53.
Rf1 Rh3 54. Rf3 Rh1+ 55. Rf1 1/2-1/2

[Event "GrandPrix_29.05"]
[Site "Chess.com"]
[Date "2020.05.29"]
[Round "3"]
[White "ALeks_Ivlev"]
[Black "Pultis"]
[Result "1-0"]
[WhiteElo "2314"]
[BlackElo "2204"]
[TimeControl "600+2"]
[EndTime "10:28:40 PDT"]
[Termination "ALeks_Ivlev won on time"]

1. d4 Nf6 2. c4 g6 3. Nc3 d5 4. Nf3 Bg7 5. g3 dxc4 6. Qa4+ Nc6 7. Bg2 Nd7 8. Qxc4 Nb6 9. Qb3 O-O 10. O-O Nxd4 11. Nxd4 Qxd4 12. Nb5 Qc4 13. Qxc4 Nxc4 14. Nxc7 Rb8 15. Nd5 Be6 16. Nxe7+ Kh8 17. Bf4 Rbd8 18. e4 Nxb2 19. Nd5 Nd3 20. Rab1 Nxf4 21. gxf4 Rd7 22. Rfc1 f5 23. f3 Bd4+ 24. Kh1 Bxd5 25. exd5 b6 26. Bf1 Be3 27. Rd1 Rc8 28. Bb5 Rd6 29.
Bc6 Bxf4 30. Re1 Rc7 31. a4 Kg7 32. Re8 Kf6 33. Rbe1 Rcxc6 34. dxc6 Rxc6 35. h4 Rc7 36. Kg2 Kf7 37. R1e2 Rb7 38. Rc8 a6 39. Rc4 Bd6 40. Rc6 Be7 41. Rb2 a5 42. Rcxb6 Rd7 43. Rb7 Rxb7 44.
Rxb7 Kf6 45. Ra7 Bb4 46. Rxh7 Ke6 47. Kf1 Be7 48. Ke2 Bb4 49. Kd3 Ke5 50. Rg7 Kf6 51.
Rb7 Ke5 52. Rb6 Be1 53. Rxg6 Bxh4 54. Ke3 Be7 55. f4+ Kd5 56. Ra6 Bc5+ 57. Kd3 Bb4 58. Rf6 1-0

[Event "GrandPrix_29.05"]
[Site "Chess.com"]
[Date "2020.05.29"]
[Round "3"]
[White "Sanan_Sjugirov"]
[Black "grzechu96"]
[Result "1-0"]
[WhiteElo "2894"]
[BlackElo "2542"]
[TimeControl "600+2"]
[EndTime "10:28:41 PDT"]
[Termination "Sanan_Sjugirov won by resignation"]

1. d4 d5 2. c4 c6 3. Nf3 Nf6 4. e3 Bg4 5. Qb3 Qb6 6. Nc3 e6 7. Nh4 Be7 8. h3 Bh5 9. g4 Bg6 10. Nxg6 hxg6 11. Bg2 Nbd7 12. Bd2 a5 13. g5 Ng8 14. h4 a4 15. Qc2 a3 16. b3 Bb4 17.
c5 Qc7 18. O-O-O Ne7 19. Bf3 b6 20. cxb6 Qxb6 21. h5 gxh5 22. Bxh5 g6 23. Be2 Rf8 24. Kb1 Nf5 25. Rc1 Qa5 26. Be1 Ke7 27. Na4 Rfc8 28.
Bd3 Nd6 29. Bxb4 Qxb4 30. Nc5 Nxc5 31. Qxc5 Qxc5 32. Rxc5 Nb7 33. Rc2 c5 34. Bxg6 cxd4 35. Rh7 Nd6 36. exd4 Rxc2 37. Bxc2 Nb5 38. g6 Rf8 39.
Bd3 Nxd4 40. b4 Kf6 41. Rxf7+ Rxf7 42. gxf7 Kxf7 43. Kc1 Ke7 44. Kd2 e5 45. Kc3 Kd6 46. f4 Nc6 47. b5 exf4 48. bxc6 Kxc6 49. Kd4 Kd6 50. Be2 Kc6 51. Bf3 Kb5 52. Bxd5 Kb4 53. Ke4 Kc5 54. Bb3 1-0

[Event "GrandPrix_29.05"]
[Site "Chess.com"]
[Date "2020.05.29"]
[Round "3"]
[White "Firegrizzly"]
[Black "Saxar85"]
[Result "1/2-1/2"]
[WhiteElo "2450"]
[BlackElo "2617"]
[TimeControl "600+2"]
[EndTime "10:28:41 PDT"]
[Termination "Game drawn by agreement"]

1. e4 e5 2. Nf3 Nc6 3. d4 exd4 4. Nxd4 Bc5 5. Nxc6 Qf6 6. Qf3 bxc6 7. Nc3 d6 8.
Be3 Bb4 9. Bd2 Rb8 10. O-O-O Qxf3 11. gxf3 Ne7 12. h4 O-O 13. h5 Be6 14. f4 f5 15.
e5 Nd5 16. Ne2 Bc5 17. Rh2 Rfe8 18. h6 g6 19. a3 Bb6 20. Bg2 Bf7 21. Bf3 dxe5 22.
fxe5 Rxe5 23. Nf4 Ree8 24. Nd3 Bd4 25. c3 Bf6 26. Rg2 Rbd8 27. Kc2 Re7 28. c4 Nb6 29. b3 Nd7 30. Bxc6 Ne5 31. Nxe5 Rxe5 32. Bf3 Ree8 33. Be3 Rxd1 34. Bxd1 a6 35. Bf3 Rd8 36. a4 Kf8 37. Rg1 Bd4 38. Bg5 Rb8 39. Rd1 c5 40. Be3 Bxe3 41. fxe3 Ke7 42. a5 g5 43. Bd5 Rd8 44.
Kc3 g4 45. b4 cxb4+ 46. Kxb4 Bxd5 47. cxd5 Kd6 48. Rc1 Rb8+ 49. Ka4 Kxd5 50. Rc7 Rb1 51. Rxh7 Rh1 52. Kb4 g3 53. Rg7 Rxh6 54. Rxg3 Rc6 55. Rg8 Ke4 56. Re8+ Kf3 57. Re5 f4 58. exf4 Kxf4 59.
Re7 Kf5 60. Rb7 Ke5 61. Rb6 Kd6 62. Rxc6+ Kxc6 63. Kc4 Kd6 64. Kd4 1/2-1/2

[Event "GrandPrix_29.05"]
[Site "Chess.com"]
[Date "2020.05.29"]
[Round "3"]
[White "GM_LOADING"]
[Black "Magicmaster17"]
[Result "0-1"]
[WhiteElo "2325"]
[BlackElo "2306"]
[TimeControl "600+2"]
[EndTime "10:28:44 PDT"]
[Termination "Magicmaster17 won by checkmate"]

1. e4 e5 2. Nf3 Nc6 3. Bc4 Nf6 4. d3 Bc5 5. O-O O-O 6. h3 a6 7. a4 d6 8. Re1 h6 9. c3 Re8 10. b4 Ba7 11. Nbd2 Be6 12. Bxe6 Rxe6 13. Qc2 d5 14.
Nb3 Ne7 15. exd5 Qxd5 16. c4 Qd6 17. Nc5 Bxc5 18. bxc5 Qxc5 19. Ba3 Qa5 20. d4 Ng6 21. Bb2 e4 22. d5 Ree8 23. Nd2 e3 24. fxe3 Nd7 25.
Nb3 Qb4 26. Ba3 Qb6 27. Nd4 Qf6 28. Bb2 Qg5 29. e4 Nf4 30. Kh2 Ne5 31. Re3 Nh5 32.
Rae1 c5 33. Nf3 Qf4+ 34. Kg1 f6 35. Nxe5 fxe5 36. Rf3 Qh4 37. Ref1 Nf6 38. Re3 b6 39. Rf5 Nd7 40. Ref3 Rf8 41. Qf2 Qe7 42. Qg3 Rxf5 43. Rxf5 Re8 44. Qg6 b5 45. axb5 axb5 46. Bc1 Nf8 47.
Qg3 Kh7 48. cxb5 c4 49. b6 Ng6 50. h4 Nxh4 51. Rf2 Ng6 52. Be3 Rb8 53. Rc2 Qb4 54.
Qf3 Rf8 55. Qe2 Nf4 56. Bxf4 Rxf4 57. Rxc4 Qxb6+ 58. Kh2 Rh4+ 59. Kg3 Qf6 60. Rc6 Qf4# 0-1

[Event "GrandPrix_29.05"]
[Site "Chess.com"]
[Date "2020.05.29"]
[Round "3"]
[White "FLamps8"]
[Black "troisi"]
[Result "1-0"]
[WhiteElo "2135"]
[BlackElo "1485"]
[TimeControl "600+2"]
[EndTime "10:28:50 PDT"]
[Termination "FLamps8 won by resignation"]

1. d4 Nf6 2. Bf4 e6 3. e3 d6 4.
Nf3 Be7 5. h3 Nbd7 6. Bd3 O-O 7.
O-O Re8 8. e4 Nf8 9. Nc3 a6 10.
e5 dxe5 11. Nxe5 Ng6 12. Bh2 c5 13. dxc5 Bxc5 14. Qf3 Bd6 15. Bxg6 hxg6 16. Rad1 Qc7 17. Rxd6 Qxd6 18. Nxf7 Qb6 19. Nd6 Rf8 20. Na4 Qb4 21. Qb3 Qxb3 22. axb3 Bd7 23. Nb6 Rab8 24. Ndc4 Rbd8 25. Bc7 Rde8 26. Bd6 Rf7 27. Ne5 Bc6 28.
Nxf7 Kxf7 29. Nc4 Nd7 30. Rd1 e5 31. Bc7 Re6 32. Re1 e4 33. Bf4 Nf6 34. Ne3 Ke8 35.
Rd1 Nd7 36. Nc4 Nf6 37. Na5 Bd5 38. c4 Bc6 39. Nxc6 Rxc6 40. Be5 Rb6 41. Re1 Rxb3 42. Bxf6 gxf6 43. Rxe4+ Kf7 44. Re2 Rb4 45. Rc2 Ke6 46. f4 Kd6 47. g4 Kc5 48. h4 a5 49.
Kg2 a4 50. h5 gxh5 51. gxh5 f5 52. Kg3 Rb6 53. Kh4 Rh6 54. Kg5 Rh8 55. h6 Kb4 56. Kg6 Kb3 57. Rh2 Kxc4 58. Kxf5 b5 59. Kg6 b4 60. h7 Kb3 61. Kg7 Rc8 62. h8=Q Rc7+ 63. Kg6 a3 64. bxa3 bxa3 65. Qg8+ Ka4 66. Qa8+ Kb3 67. Qb8+ Rb7 68. Qxb7+ Ka4 69. Qa6+ 1-0

[Event "GrandPrix_29.05"]
[Site "Chess.com"]
[Date "2020.05.29"]
[Round "3"]
[White "Didici"]
[Black "Azatic"]
[Result "0-1"]
[WhiteElo "2282"]
[BlackElo "2540"]
[TimeControl "600+2"]
[EndTime "10:28:53 PDT"]
[Termination "Azatic won by resignation"]

1. d4 Nf6 2. c4 g6 3. f3 Bg7 4. e4 O-O 5. Ne2 d6 6. Be3 a6 7. Na3 c6 8. c5 b5 9. cxb6 Nbd7 10. Qd2 Nxb6 11. Nf4 Rb8 12. Rc1 Qd7 13. Be2 Kh8 14. O-O Qb7 15. Rc2 Nbd7 16. Nd3 c5 17. dxc5 Nxc5 18.
Nxc5 dxc5 19. Bxc5 Be6 20. Nc4 Rfd8 21. Qe3 Rbc8 22.
Kh1 h5 23. b4 Kh7 24. Bb6 Re8 25. Na5 Qb8 26. Rxc8 Bxc8 27. Nc6 Qd6 28. b5 axb5 29.
Bxb5 Nd7 30. Bd4 e5 31. Bc3 Ba6 32. Bxa6 Qxc6 33. Be2 Rc8 34. Bb4 Qa4 35. a3 Nf6 36.
Qd3 h4 37. g4 hxg3 38. hxg3 Nh5 39. Kg2 Bh6 40. Bd1 Qa7 41. f4 exf4 42. Bxh5 gxh5 43. e5+ Kh8 44. Qf5 Qa8+ 45. Kh3 Rg8 46. Qxh5 Rxg3+ 47. Kh4 Rg6 48. Bc3 Qd8+ 49. Kh3 Qd3+ 50. Rf3 Qb1 51. e6+ Kh7 52. Qxg6+ fxg6 53. e7 Qf5+ 54. Kg2 Qe4 55. Bf6 Bg7 56. Bg5 Bh6 57. Bf6 Kg8 58. Kf2 Kf7 59. Rb3 0-1

[Event "GrandPrix_29.05"]
[Site "Chess.com"]
[Date "2020.05.29"]
[Round "3"]
[White "woodhy"]
[Black "Promacherr"]
[Result "1-0"]
[WhiteElo "2073"]
[BlackElo "2170"]
[TimeControl "600+2"]
[EndTime "10:29:02 PDT"]
[Termination "woodhy won by resignation"]

1. e4 e6 2. d4 d5 3. e5 c5 4. c3 Nc6 5. Be3 Nh6 6. Nf3 Nf5 7. Bd3 Nxe3 8. fxe3 Be7 9. O-O O-O 10. Qc2 h6 11.
Qe2 f6 12. exf6 Bxf6 13. Bc2 e5 14. dxe5 Bxe5 15. Nxe5 Rxf1+ 16. Qxf1 Nxe5 17. Nd2 Be6 18. Qf4 Ng4 19. h3 Nf6 20. Rf1 Qb6 21. b4 cxb4 22.
cxb4 Rc8 23. Bg6 Rc3 24. Rf3 Qc7 25. Qd4 Rc1+ 26. Nf1 a6 27. Rxf6 gxf6 28. Qxf6 Rc6 29. Qd4 Qg7 30. Qd3 Rc3 31. Qd2 Rc6 32. Qd3 Bf7 33.
Bf5 Qe5 34. Bg4 Bg6 35. Qd2 Rc2 36. Qe1 Be4 37. Nd2 Bxg2 38. Kxg2 Qc3 39. Qg3 Rxd2+ 40. Kf3 Qf6+ 41. Bf5+ Kf7 42. Qc7+ Qe7 43. Qf4 Kg7 44. Qg3+ Kf8 45. Qb8+ Kg7 46. Qg3+ Qg5 47. Qe5+ Qf6 48. Qg3+ Kf8 49. Qb8+ Kg7 50. Qg3+ Kf8 51. Qb8+ Kf7 52. Qc7+ Kg8 53. Qg3+ Qg7 54. Qb8+ Qf8 55. Qg3+ Kh8 56. Qe5+ Kg8 57. Qg3+ Kf7 58. Qc7+ Qe7 59. Qf4 Rd1 60.
Bc2+ Ke8 61. Bxd1 1-0

[Event "GrandPrix_29.05"]
[Site "Chess.com"]
[Date "2020.05.29"]
[Round "3"]
[White "SavelijTartakover"]
[Black "Kopytkin"]
[Result "1/2-1/2"]
[WhiteElo "2390"]
[BlackElo "2206"]
[TimeControl "600+2"]
[EndTime "10:29:03 PDT"]
[Termination "Game drawn - insufficient material"]

1. d4 d5 2. c4 c6 3. Nf3 Nf6 4. e3 a6 5. Nc3 b5 6. b3 Bg4 7. a4 bxc4 8. bxc4 e6 9. c5 Nbd7 10. a5 e5 11. Qa4 Bxf3 12. gxf3 exd4 13. exd4 Qc7 14. Na2 Bxc5 15. Be3 Bd6 16. Rc1 O-O 17. Rxc6 Qb8 18. Bxa6 Qb1+ 19. Rc1 Qf5 20. Be2 Bf4 21. Nc3 Nb6 22. Qb5 Nc4 23. Bxc4 Rfb8 24. Nxd5 Rxb5 25. Ne7+ Kf8 26. Nxf5 Rxf5 27. a6 Bxe3 28. fxe3 Rxf3 29. Ke2 Rh3 30. Rcf1 Ke7 31. Rf3 Rh5 32. h3 Nd5 33. Rhf1 f6 34. Rf5 Rxf5 35. Rxf5 Nc7 36. Ra5 Ra7 37.
Kd3 Kd6 38. Ke4 Kc6 39. Kf5 Kb6 40. Ra4 Ne8 41. Bd3 Re7 42. e4 Nd6+ 43. Kf4 Ka7 44. Ra5 Ne8 45. e5 Nc7 46. exf6 gxf6 47. Bf5 Re8 48.
Kg4 Kb6 49. Ra3 Rd8 50. Bxh7 Rxd4+ 51. Kf5 Nxa6 52. Kxf6 Nc5 53. Bf5 Rd6+ 54. Kg7 Rd5 55. Rf3 Kc7 56. h4 Kd6 57. h5 Ne6+ 58. Bxe6 Kxe6 59. Re3+ Kf5 60. h6 Rd7+ 61. Kg8 Rd8+ 62. Kf7 Rd7+ 63. Kg8 Rd8+ 64. Kg7 Rd7+ 65. Kf8 Rd8+ 66.
Ke7 Rh8 67. Rh3 Kg6 68. h7 Rxh7+ 69. Rxh7 Kxh7 1/2-1/2

[Event "GrandPrix_29.05"]
[Site "Chess.com"]
[Date "2020.05.29"]
[Round "3"]
[White "ehrenfeld"]
[Black "Angry_Twin"]
[Result "0-1"]
[WhiteElo "2055"]
[BlackElo "2388"]
[TimeControl "600+2"]
[EndTime "10:29:04 PDT"]
[Termination "Angry_Twin won by resignation"]

1. e4 c5 2. d3 Nc6 3. f4 g6 4. Nf3 Bg7 5. Be2 d6 6. O-O Nh6 7. c3 f5 8. Na3 O-O 9. Nc2 Nf7 10.
exf5 gxf5 11. d4 cxd4 12. Ncxd4 e5 13. Nxc6 bxc6 14. Be3 e4 15. Nd4 Bd7 16. Qd2 a6 17. Rad1 c5 18. Nb3 Be6 19. Qc2 Qc7 20. Kh1 a5 21. a4 Kh8 22. Bb5 Rfd8 23. c4 Nh6 24.
h3 Ng8 25. Nc1 Nf6 26. Ne2 d5 27. cxd5 Nxd5 28. Qxc5 Qxc5 29. Bxc5 Bxb2 30. Rb1 Bf6 31. Nd4 Bxd4 32. Bxd4+ Kg8 33. g4 Nb4 34. Bf6 Rd2 35.
gxf5 Bd5 36. Rb2 e3+ 37. Kg1 Kf7 38. Rxd2 exd2 39. Bc3 Rg8+ 40. Kf2 Rg2+ 41. Ke3 Rg3+ 42. Kxd2 Rg2+ 43. Ke3 Nc2+ 44. Kd3 Na3 45. Bxa5 Rb2 46. Bc3 Rxb5 47. axb5 Bc4+ 48. Kd4 Bxf1 49. b6 Bg2 50. Kc5 Nc2 51. Kd6 Ne3 52. f6 h5 53. h4 Nf5+ 54.
Kc7 Nxh4 55. b7 Bxb7 56. Kxb7 Nf3 57. f5 h4 58. Ba5 h3 59. Bc7 Kxf6 60. Kc6 Kxf5 61. Kd5 Ng5 62. Bb8 Kg4 63. Kd4 Kf3 64. Kd3 Kg2 65. Ke2 Ne4 66. Bc7 Ng3+ 67. Bxg3 Kxg3 68.
Kf1 h2 0-1

[Event "GrandPrix_29.05"]
[Site "Chess.com"]
[Date "2020.05.29"]
[Round "3"]
[White "Vnebo"]
[Black "Thor736"]
[Result "1/2-1/2"]
[WhiteElo "2143"]
[BlackElo "2013"]
[TimeControl "600+2"]
[EndTime "10:29:05 PDT"]
[Termination "Game drawn by agreement"]

1. e4 c5 2. Nf3 d6 3. d4 cxd4 4. Nxd4 Nf6 5. f3 Nc6 6. c4 e6 7.
Nc3 Be7 8. Be3 O-O 9. Be2 d5 10. cxd5 exd5 11. Nxc6 bxc6 12. exd5 Nxd5 13. Nxd5 cxd5 14.
O-O Bf6 15. Bd4 Rb8 16. Qd2 Re8 17. Rfe1 Bxd4+ 18. Qxd4 Qa5 19. a3 Rb3 20. Rec1 h6 21.
Bf1 Be6 22. Rc2 Reb8 23. Rd1 Kf8 24. Rdd2 Qb6 25. Qxb6 R8xb6 26. Bd3 a5 27. Kf2 Ke7 28. Ke1 Kd6 29. Kd1 g5 30. Kc1 h5 31. Rd1 h4 32. g3 hxg3 33. hxg3 Rxd3 34. Rxd3 Bf5 35. Rd4 Bxc2 36. Kxc2 Ke5 37. Ra4 Rb5 38. f4+ gxf4 39. gxf4+ Kf5 40. Rd4 Ke6 41. b4 axb4 42. axb4 Kd6 43. Kb3 Rb8 44. Ka4 Kc6 45. Rd1 Ra8+ 46. Kb3 Re8 47. Rc1+ Kb6 48. Rc5 Re4 49. Rxd5 Rxf4 50.
Ka4 Kb7 51. Ka5 Rf1 52. Re5 Kb8 53. b5 Rc1 54. Kb6 Rc8 55. Rf5 Rf8 56. Rf6 Ka8 57. Ka6 Re8 58. Rxf7 Re6+ 59. b6 Re8 60. Rd7 Rf8 61.
Rh7 Re8 62. Rh6 Rf8 63. Rc6 Re8 1/2-1/2